 Dungeon Crawl Stone Soup version 0.22-a0-422-g9628fc8 (webtiles) character file.

91 Goblin1989 the Firebug (level 4, 0/27 HPs)
             Began as an Octopode Fire Elementalist on May 17, 2018.
             Killed from afar by an orc wizard (7 damage)
             ... with a magic dart
             ... on level 4 of the Dungeon.
             The game lasted 00:08:25 (3000 turns).

Goblin1989 the Firebug (Octopode Fire Elementalist) Turns: 3000, Time: 00:08:28

Health: 0/27       AC:  8    Str:  7    XL:     4   Next: 57%
Magic:  0/7        EV: 13    Int: 18    God:
Gold:   168        SH:  0    Dex: 12    Spells: 1/8 levels left

rFire    . . .     SeeInvis .   q - +1 dagger (protect)
rCold    . . .     Gourm    .   (no shield)
rNeg     + . .     Faith    .   (helmet restricted)
rPois    .         Spirit   .   (no amulet)
rElec    .         Reflect  .   t - ring of positive energy
rCorr    .         Harm     .   (no ring)
MR       .....                  (no ring)
Stlth    +++.......             (no ring)
HPRegen  0.09/turn              (no ring)
MPRegen  0.10/turn              (no ring)
                                (no ring)
                                (no ring)

@: protection aura
A: almost no armour, stealthy swim, amphibious, 8 rings, constrict 8, camouflage
1, gelatinous body 1
a: no special abilities


You were on level 4 of the Dungeon.
You were not hungry.

You visited 1 branch of the dungeon, and saw 4 of its levels.

You collected 168 gold pieces.

Inventory:

Hand Weapons
 f - a +0 short sword
 n - a +0 long sword
 q - a +1 dagger of protection (weapon)
Missiles
 h - 100 stones (quivered) {@Q3}
 i - 20 sling bullets
Jewellery
 t - a ring of positive energy (left tentacle)
Scrolls
 k - 2 scrolls of random uselessness {unknown}
 m - a scroll of remove curse {unknown}
 o - 2 scrolls of identify {unknown}
 s - a scroll of teleportation {unknown}
 w - a scroll of enchant weapon {unknown}
Potions
 j - 2 potions of brilliance {unknown}
 l - 3 potions of lignification {unknown}
 r - a potion of agility {unknown}
 u - a potion of haste {unknown}
 v - a potion of berserk rage {unknown}
 x - a potion of degeneration {unknown}
Comestibles
 e - 10 rations


   Skills:
 - Level 2.0 Dodging
 - Level 2.6 Stealth
 + Level 2.5 Spellcasting
 * Level 2.7 Conjurations
 * Level 4.0 Fire Magic


You had one spell level left.
You knew the following spells:

 Your Spells              Type           Power        Failure   Level  Hunger
a - Flame Tongue          Conj/Fire      ##...        4%          1    #......
b - Inner Flame           Hex/Fire       #.......     22%         3    ###....
j - Conjure Flame         Conj/Fire      ##......     13%         3    ###....

Your spell library contained the following spells:

 Spells                   Type           Power        Failure   Level  Hunger
 Fireball                 Conj/Fire      ##........   75%         5    ######.
 Throw Flame              Conj/Fire      ##....       6%          2    ##.....
 Sticky Flame             Conj/Fire      ##......     38%         4    #####..


Dungeon Overview and Level Annotations

Branches:
Dungeon (4/15)
 Temple: D:4-7

Altars:
Dithmenos

Annotations:
D:3 Tiareth's ghost, amateur TrWz


Innate Abilities, Weirdness & Mutations

You cannot wear most types of armour.
You are very stealthy in the water. (Stealth+)
You are amphibious.
You can wear up to eight rings at the same time.
You can use your tentacles to constrict eight enemies at once.
Your skin changes colour to match your surroundings (Stealth+).
Your rubbery body absorbs attacks. (AC +1, EV +1)


Message History

Press: ? - help, Shift-Dir - straight line, f - orc wizard
Aim: an orc wizard, wielding an enchanted dagger and wearing a robe The flame tongue misses the orc wizard.
The orc wizard casts a spell.
The orc wizard seems to speed up.
You now have 2/7 mp.
Casting: Flame Tongue (safe; 4% risk of failure)
Confirm with . or Enter, or press ? or * to list all spells.
Aiming: Flame Tongue (safe; 4% risk of failure)
Press: ? - help, Shift-Dir - straight line, f/p - orc wizard
Aim: an orc wizard, wielding an enchanted dagger and wearing a robe (fast)
The flame tongue hits the orc wizard.
The orc wizard appears unharmed.
You now have 1/7 mp.
Casting: Flame Tongue (safe; 4% risk of failure)
Confirm with . or Enter, or press ? or * to list all spells.
Aiming: Flame Tongue (safe; 4% risk of failure)
Press: ? - help, Shift-Dir - straight line, f/p - orc wizard
Aim: an orc wizard, wielding an enchanted dagger and wearing a robe (fast)
The flame tongue hits the orc wizard.
The orc wizard is heavily wounded.
The orc wizard drinks a potion.
The orc wizard is healed!
The orc wizard closely misses you.
You now have 0/7 mp.
Casting: Flame Tongue (safe; 4% risk of failure)
Confirm with . or Enter, or press ? or * to list all spells.
You don't have enough magic to cast that spell.
You closely miss the orc wizard. Your grab misses the orc wizard.
The orc wizard is moderately wounded.
The orc wizard points at you and mumbles some strange words.
The magic dart hits you!
You take 5 damage, and have 16/27 hp.
You completely miss the orc wizard. Your grab misses the orc wizard.
You squeeze the orc wizard, but do no damage.
The orc wizard is moderately wounded.
The orc wizard hits you but does no damage. x2
You hit the orc wizard but do no damage.
Your weapon exudes an aura of protection.
Your grab misses the orc wizard.
The orc wizard is moderately wounded.
The orc wizard points at you and mumbles some strange words.
The magic dart hits you!
* * * LOW HITPOINT WARNING * * *
You take 6 damage, and have 10/27 hp.
MASSIVE DAMAGE!!
Press: ? - help, v - describe, . - travel
Here: an orc wizard, wielding an enchanted dagger and wearing a robe (moderately wounded, fast)
The floor.
Unknown command.
You hit the orc wizard. Your grab misses the orc wizard.
The orc wizard is heavily wounded.
The orc wizard hits you but does no damage.
The orc wizard casts a spell at you. The magic dart hits you!
* * * LOW HITPOINT WARNING * * *
You take 3 damage, and have 7/27 hp.
You hit the orc wizard. Your grab misses the orc wizard.
Your squeeze misses the orc wizard.
The orc wizard is heavily wounded.
The orc wizard hits you with an enchanted dagger.
* * * LOW HITPOINT WARNING * * *
You take 1 damage, and have 6/27 hp.
Unknown command.
You closely miss the orc wizard. Your grab misses the orc wizard.
The orc wizard is heavily wounded.
The orc wizard barely misses you. The orc wizard closely misses you.
Unknown command.
You barely miss the orc wizard. Your grab misses the orc wizard.
The orc wizard is heavily wounded.
The orc wizard hits you but does no damage.
Unknown command.
Casting: Flame Tongue (safe; 4% risk of failure)
Confirm with . or Enter, or press ? or * to list all spells.
Aiming: Flame Tongue (safe; 4% risk of failure)
Press: ? - help, Shift-Dir - straight line, f/p - orc wizard
Aim: an orc wizard, wielding an enchanted dagger and wearing a robe (heavily wounded, fast)
The flame tongue misses the orc wizard.
The orc wizard hits you but does no damage.
The orc wizard misses you.
You now have 0/7 mp.
Unknown command.
You hit the orc wizard. Your grab misses the orc wizard.
The orc wizard is severely wounded.
The orc wizard hits you but does no damage.
You barely miss the orc wizard. Your grab misses the orc wizard.
The orc wizard is severely wounded.
The orc wizard barely misses you.
The orc wizard hits you but does no damage.
You hit the orc wizard but do no damage.
You grab the orc wizard.
You squeeze the orc wizard, but do no damage.
The orc wizard is severely wounded.
You constrict the orc wizard, but do no damage.
The orc wizard hits you but does no damage.
You hit the orc wizard but do no damage.
The orc wizard is severely wounded.
You constrict the orc wizard.
The orc wizard hits you but does no damage.
A scorpion comes into view.
The orc wizard casts a spell at you. The magic dart hits you!
You die...

█..█ █..█ ███ █..█ ..█
████..█ █.█ ██.██..█ █
█.█ ██...█..█ .█
█.███.......██████.██s█
█.█......█............█
█.█.███........o@..████
█.█.█ ██.████████).█
█.█.█ █.█ ..█ ....█ █.█
..█ █.███ █.█ ..█ █.█
█.█ ... █.██████.█ ....
█........█


████ ██████████ You could see a scorpion (wandering) and an orc wizard.

Vanquished Creatures
  An adder (D:3)
  2 oozes
  3 worms
  A dart slug (D:2)
  A leopard gecko (D:1)
  2 orcs (D:4)
  3 giant cockroaches
  7 goblins
  11 hobgoblins
  8 kobolds
  A quokka (D:2)
  5 bats
  6 frilled lizards
  A jackal skeleton (D:4)
  5 rats
57 creatures vanquished.

Notes
Turn   | Place    | Note
-------+----------+-------------------------------------------
     0 | D:1      | Goblin1989 the Octopode Fire Elementalist began the quest for the Orb.
     0 | D:1      | Reached XP level 1. HP: 11/11 MP: 3/3
   184 | D:1      | Reached XP level 2. HP: 17/17 MP: 1/5
   618 | D:1      | Reached XP level 3. HP: 21/21 MP: 4/6
  1857 | D:2      | Reached XP level 4. HP: 27/27 MP: 3/7
  2050 | D:2      | Learned a level 3 spell: Conjure Flame
  2054 | D:2      | Learned a level 3 spell: Inner Flame
  2483 | D:3      | Noticed Tiareth's ghost (amateur TrWz)
  2547 | D:4      | Found a shadowy altar of Dithmenos.
  2671 | D:4      | Noticed an ogre
  2952 | D:4      | Reached skill level 4 in Fire Magic
  3000 | D:4      | Killed from afar by an orc wizard

Vault maps used:
D:1:      tarquinn_simple_flora_water_a
D:2:      cheibrodos_old_hovel
D:4:      nicolae_dithmenos_the_darkroom

Skill      XL: |  1  2  3  4 |
---------------+-------------+-----
Conjurations   | 2 |  2.7
Fire Magic     | 4 |  4.0
Dodging        | |  2.0
Stealth        | |  2.6
Spellcasting   | |  2.5

Action                   |  1- 3 |  4- 6 || total
-------------------------+-------+-------++-------
Melee: Dagger            |     5 |    11 ||    16
       Constrict         |     1 |     1 ||     2
       Tentacles         |       |     2 ||     2
 Cast: Flame Tongue      |    72 |    39 ||   111
       Conjure Flame     |       |     2 ||     2
  Eat: Chunk             |     3 |     4 ||     7
Armor: Skin              |     4 |     8 ||    12
Dodge: Dodged            |    12 |     7 ||    19

Table legend:
 A = Spawn XP
 B = Non-spawn XP
 C = Spawn XP percentage of total XP
 D = Spawn monster count
 E = Non-spawn monster count
 F = Spawn count percentage of total count
 G = Total turns spent on level
                    A         B        C        D         E        F      G
               +---------+---------+-------+---------+---------+-------+---------
         Total |       0 |     130 |   0.0 |       0 |      57 |   0.0 |  3000
               +---------+---------+-------+---------+---------+-------+---------
           D:1 |       0 |      46 |   0.0 |       0 |      24 |   0.0 |  1010
           D:2 |       0 |      48 |   0.0 |       0 |      24 |   0.0 |  1370
           D:3 |       0 |      15 |   0.0 |       0 |       2 |   0.0 |   147
           D:4 |       0 |      21 |   0.0 |       0 |       7 |   0.0 |   473
               +---------+---------+-------+---------+---------+-------+---------

Vault maps used:
D:1:      tarquinn_simple_flora_water_a
D:2:      cheibrodos_old_hovel
D:4:      nicolae_dithmenos_the_darkroom
